 Dungeon Crawl Stone Soup version 0.16.1-4-g8e1b745 (webtiles) character file.

9615 Helmschank the Thaumaturge (level 11, -1/63 HPs)
             Began as a Deep Elf Fire Elementalist on Mar 27, 2015.
             Was a High Priest of Sif Muna.
             Slain by a blink frog (8 damage)
             ... on level 1 of the Lair of Beasts on Mar 28, 2015.
             The game lasted 01:25:35 (13842 turns).

Helmschank the Thaumaturge (DEFE)                  Turns: 13842, Time: 01:25:35

Health: -1/63      AC: 11    Str:  5    XL:     11   Next: 25%
Magic:  12/33      EV: 13    Int: 24    God:    Sif Muna [*****.]
Gold:   508        SH:  0    Dex: 15    Spells: 11 memorised, 1 level left

rFire  + . .     SeeInvis +     a - +1 mace of Valour {crush, rN+ MR+} (curse)
rCold  . . .     Clarity  .     U - +1 robe {rC+}
rNeg   + . .     SustAb   .     (no shield)
rPois  .         Gourm    .     q - +0 mask of the Dragon {MR+ Slay+3 SInv}
rElec  .         Spirit   .     k - +1 cloak (curse)
rCorr  .         Warding  .     (no gloves)
rMut   .         Stasis   .     (no boots)
MR     +++..                    (no amulet)
Stlth  ++........               E - +6 ring of protection
                                Q - ring of fire

@: sluggish, repel missiles, very slow, extremely resistant to hostile
enchantments, unstealthy
A: no striking features
a: Channel Energy, Forget Spell, Renounce Religion


You were on level 1 of the Lair of Beasts.
You worshipped Sif Muna.
Sif Muna was extremely pleased with you.
You were not hungry.

You visited 3 branches of the dungeon, and saw 10 of its levels.

You collected 538 gold pieces.
You spent 30 gold pieces at shops.

Inventory:

Hand weapons
 a - the cursed +1 mace of Valour (weapon) {crush, rN+ MR+}
   (You found it on level 1 of the Lair of Beasts)

   It inflicts extra damage upon your enemies.
   It protects you from negative energy.
   It affects your resistance to hostile enchantments.
   It has a curse placed upon it.
 e - a +0 blowgun
 p - a +1 short sword of draining
 w - a +2 flail of protection
 M - a +4 short sword of draining
Missiles
 n - 15 stones
 s - 28 poisoned needles
 G - 5 curare-tipped needles
 X - 8 tomahawks (quivered)
Armour
 k - a cursed +1 cloak (worn)
 q - the +0 mask of the Dragon (worn) {MR+ Slay+3 SInv}
   (You found it on level 6 of the Dungeon)

   It affects your accuracy and damage with ranged weapons and melee attacks
   (+3).
   It affects your resistance to hostile enchantments.
   It enhances your eyesight.
 U - a +1 robe of cold resistance (worn)
Jewellery
 i - an uncursed ring of teleport control
 E - a +6 ring of protection (right hand)
 Q - a ring of fire (left hand)
Magical devices
 F - a wand of fireball (5)
 N - a wand of teleportation (3)
 Y - a wand of digging (10)
Scrolls
 f - a scroll of fear
 h - a scroll of immolation
 m - 3 scrolls of blinking
 x - a scroll of remove curse
 D - 3 scrolls of teleportation
 H - a scroll of fog
 P - a scroll of enchant armour
Potions
 d - a potion of curing
 l - a potion of haste {unknown}
 o - 3 potions of restore abilities {unknown}
 r - a potion of mutation {unknown}
 v - a potion of flight {unknown}
 z - a potion of magic {unknown}
 A - 2 potions of cancellation {unknown}
 B - a potion of berserk rage {unknown}
 C - a potion of might {unknown}
 K - a potion of cure mutation {unknown}
 O - a potion of brilliance {unknown}
 T - a potion of poison {unknown}
 V - a potion of invisibility {unknown}
Comestibles
 c - 6 bread rations
 j - 6 meat rations
 R - 7 slices of pizza
 S - 5 fruits
 W - 4 chunks of flesh


   Skills:
 - Level 5.0 Fighting
 - Level 2.5 Dodging
 - Level 2.4 Stealth
 + Level 11.6 Spellcasting
 + Level 8.5 Conjurations
 - Level 4.3 Charms
 - Level 9.0 Translocations
 + Level 8.6 Fire Magic
 - Level 2.0 Air Magic
 * Level 2.0 Invocations


You had one spell level left.
You knew the following spells:

 Your Spells              Type           Power        Failure   Level  Hunger
a - Throw Flame           Conj/Fire      ######       1%          2    None
c - Phase Shift           Tloc           ######....   3%          5    ###....
d - Iskenderun's Mystic   Conj           ######..     1%          4    None
f - Fireball              Conj/Fire      ######....   3%          5    ###....
h - Conjure Flame         Conj/Fire      ######..     1%          3    None
r - Repel Missiles        Chrm/Air       ####..       1%          2    None
s - Sticky Flame          Conj/Fire      ######..     1%          4    None
x - Magic Dart            Conj           ####         1%          1    None
z - Flame Tongue          Conj/Fire      #####        1%          1    None
Q - Swiftness             Chrm/Air       ####....     1%          2    None
W - Flight                Chrm/Air       ####......   3%          3    None


Dungeon Overview and Level Annotations

Branches:
Dungeon (8/15)             Temple (1/1) D:5            Lair (1/8) D:8

Altars:
Ashenzari
Cheibriados
Dithmenos
Elyvilon
Fedhas
Gozag
Kikubaaqudgha
Makhleb
Nemelex Xobeh
Okawaru
Qazlal
Ru
Sif Muna
Trog
Vehumet
Xom
Yredelemnul
Zin
The Shining One
Jiyva

Shops:
D:4 =


Message History

You feel better.
The water moccasin burns!
The water moccasin misses you. The water moccasin barely misses you.
The blink frog blinks!
The blink frog blinks!
The water moccasin burns!
The blink frog blinks!
The water moccasin burns!
The water moccasin burns!
You kill the water moccasin!
Your Invocations skill increases to level 2!
You feel sluggish.
The blink frog blinks! x2
The blink frog blinks!
The blink frog barely misses you.
The blink frog blinks!
The blink frog hits you!
* * * LOW HITPOINT WARNING * * *
The blink frog blinks!
You start to feel a little faster.
The blink frog blinks!
The blink frog barely misses you. The blink frog hits you!
* * * LOW HITPOINT WARNING * * *
The blink frog blinks!
The blink frog hits you!
You die...

....# ###....#.# #.##....
....#####.....#.##### ##...###
P##..........#####..######..###
#######)....## #.....##...##
##....#..####........###
#.....#....#........##
#....#####...<......# ##...#
##.......>..# #..##
##/.ยง@.......## #.##
#=:..F.......P# ###
##...........## #....D.F....##
###.)......## ###P...###
###F..## #..#..#### ##......#.#


You could see a five-headed hydra and 3 blink frogs.

Vanquished Creatures
  A hydra (D:8)
  Nergalle (Lair:1)
  A spiny frog (Lair:1)
  A troll (D:8)
  Grinder (D:6)
  A two-headed ogre (D:8)
  2 blink frogs (Lair:1)
  A wraith (D:8)
  A basilisk (Lair:1)
  5 yaks
  A hippogriff (Lair:1)
  4 wolves (D:8)
  A steam dragon (D:8)
  The ghost of Draco the Ducker, an average GrMo (D:4)
  2 water moccasins
  2 sky beasts
  2 porcupines (Lair:1)
  2 orc warriors
  A black bear (D:5)
  4 phantoms
  3 necrophages
  6 ogres
  2 centaurs
  An ice beast (D:6)
  2 crocodiles (Lair:1)
  Duvessa (D:8)
  The ghost of gw the Digger, an average KoEE of the Shining One (D:3)
  3 big kobolds (D:8)
  Blork the orc (D:6)
  2 giant frogs (D:8)
  3 scorpions
  5 killer bees (D:8)
  2 wights (D:8)
  3 electric eels (D:8)
  8 jellies
  A goliath beetle (D:8)
  Dowan (D:8)
  7 hounds
  3 crimson imps
  A giant frog zombie (D:8)
  2 human zombies (D:8)
  3 centaur skeletons
  An orc priest (D:3)
  A human skeleton (D:8)
  12 orc wizards
  11 worker ants
  3 iguanas
  2 sheep (D:8)
  An ogre skeleton (D:8)
  2 mummies (D:8)
  A hound skeleton (D:6)
  8 adders
  3 gnolls (D:8)
  2 giant mites
  2 worms
  6 giant geckos
  23 orcs
  21 bats
  A bat skeleton (D:7)
  A bat zombie (D:5)
  6 giant cockroaches
  15 goblins
  25 hobgoblins
  A jackal (D:8)
  18 kobolds
  2 oozes
  2 ball pythons
  8 giant newts
  A giant spore (D:3)
  An orc skeleton (D:8)
  7 quokkas
  21 rats
304 creatures vanquished.

Notes
Turn   | Place    | Note
--------------------------------------------------------------
     0 | D:1      | Helmschank, the Deep Elf Fire Elementalist, began the quest for the Orb.
     0 | D:1      | Reached XP level 1. HP: 10/10 MP: 5/5
   201 | D:1      | Reached XP level 2. HP: 15/15 MP: 3/8
   332 | D:1      | Learned a level 2 spell: Throw Flame
   783 | D:1      | Reached skill level 4 in Spellcasting
   971 | D:1      | Reached XP level 3. HP: 19/19 MP: 10/12
   976 | D:1      | Learned a level 3 spell: Conjure Flame
  2023 | D:2      | Reached XP level 4. HP: 13/24 MP: 8/15
  2029 | D:2      | Learned a level 4 spell: Sticky Flame
  2395 | D:2      | Found a shattered altar of Ashenzari.
  2403 | D:2      | Found a snail-covered altar of Cheibriados.
  2410 | D:2      | Found an ancient bone altar of Kikubaaqudgha.
  2411 | D:2      | Found a blossoming altar of Fedhas.
  2411 | D:2      | Found a shimmering altar of Xom.
  2412 | D:2      | Found a bloodstained altar of Trog.
  2413 | D:2      | Found an opulent altar of Gozag.
  2415 | D:2      | Found a white marble altar of Elyvilon.
  2681 | D:3      | Reached XP level 5. HP: 28/28 MP: 12/18
  2983 | D:3      | Found a glowing golden altar of the Shining One.
  2983 | D:3      | Found a sacrificial altar of Ru.
  3474 | D:3      | Noticed gw's ghost (average KoEE)
  3519 | D:3      | Killed gw's ghost
  3666 | D:3      | Reached XP level 6. HP: 29/32 MP: 10/20
  3702 | D:3      | Reached skill level 5 in Fire Magic
  3981 | D:4      | Reached skill level 5 in Conjurations
  4056 | D:4      | Noticed Draco's ghost (average GrMo)
  4698 | D:4      | Found Chog's Jewellery Shop.
  4707 | D:4      | Reached XP level 7. HP: 36/36 MP: 7/21
  4812 | D:4      | Learned a level 5 spell: Fireball
  4863 | D:4      | Bought a +1 ring of evasion for 30 gold pieces
  5093 | D:4      | Reached skill level 6 in Fire Magic
  5788 | D:4      | Killed Draco's ghost
  6117 | D:5      | Entered Level 5 of the Dungeon
  6119 | D:5      | Reached skill level 7 in Fire Magic
  6123 | D:5      | Reached XP level 8. HP: 41/41 MP: 12/23
  6226 | D:5      | Found a staircase to the Ecumenical Temple.
  6658 | Temple   | Entered the Ecumenical Temple
  6686 | Temple   | Became a worshipper of Sif Muna the Loreminder
  6766 | D:5      | Reached skill level 5 in Spellcasting
  6857 | D:5      | Reached skill level 8 in Fire Magic
  7036 | D:5      | Learned a level 3 spell: Flight
  7232 | D:5      | Reached skill level 1 in Charms
  7296 | D:6      | Acquired Sif Muna's first power
  7297 | D:6      | Reached skill level 1 in Air Magic
  7727 | D:6      | Found a shadowy altar of Dithmenos.
  7891 | D:6      | Reached XP level 9. HP: 45/45 MP: 23/28
  8187 | D:6      | Noticed Blork the orc
  8190 | D:6      | Killed Blork the orc
  8191 | D:6      | Noticed Grinder
  8194 | D:6      | Killed Grinder
  8694 | D:7      | Acquired Sif Muna's second power
  8694 | D:7      | Reached skill level 9 in Spellcasting
  8908 | D:7      | Learned a level 5 spell: Phase Shift
  9123 | D:7      | Learned a level 2 spell: Swiftness
  9277 | D:7      | Reached skill level 1 in Fighting
  9368 | D:7      | Reached skill level 1 in Translocations
 10191 | D:7      | Reached skill level 10 in Spellcasting
 10200 | D:7      | Learned a level 2 spell: Repel Missiles
 10314 | D:8      | Reached skill level 5 in Translocations
 10376 | D:8      | Reached XP level 10. HP: 30/55 MP: 15/31
 10725 | D:8      | Noticed Duvessa
 10725 | D:8      | Noticed Dowan
 10727 | D:8      | Killed Dowan
 10730 | D:8      | Killed Duvessa
 10939 | D:8      | Found a staircase to the Lair.
 11605 | D:8      | Noticed a two-headed hydra
 11617 | D:8      | Killed a two-headed hydra
 11617 | D:8      | Acquired Sif Muna's third power
 11755 | D:8      | Reached skill level 11 in Spellcasting
 12738 | D:8      | Found an ancient bone altar of Kikubaaqudgha.
 13170 | D:8      | Reached XP level 11. HP: 62/62 MP: 22/33
 13218 | Lair:1   | Entered Level 1 of the Lair of Beasts
 13237 | Lair:1   | Noticed Nergalle
 13241 | Lair:1   | Killed Nergalle
 13387 | Lair:1   | Got a twisted mace
 13391 | Lair:1   | Identified the cursed +1 mace of Valour {crush, rN+ MR+} (You found it on level 1 of the Lair of Beasts)
 13669 | Lair:1   | Reached skill level 5 in Fighting
 13695 | Lair:1   | Learned a level 4 spell: Iskenderun's Mystic Blast
 13697 | Lair:1   | Learned a level 1 spell: Magic Dart
 13811 | Lair:1   | Noticed a five-headed hydra
 13811 | Lair:1   | Reached skill level 1 in Invocations
 13842 | Lair:1   | Slain by a blink frog

Action                   |  1- 3 |  4- 6 |  7- 9 | 10-12 || total
-------------------------+-------+-------+-------+-------++-------
Melee: Unarmed           |     6 |       |       |       ||     6
       Dagger            |     3 |       |       |       ||     3
       Whip              |       |    22 |    43 |       ||    65
       Flail             |       |       |       |    26 ||    26
 Fire: Blowgun           |       |       |       |     3 ||     3
Throw: Stone             |       |       |     1 |     1 ||     2
 Cast: Flame Tongue      |    76 |    59 |    86 |    55 ||   276
       Throw Flame       |    17 |    49 |    81 |    69 ||   216
       Sticky Flame      |       |     7 |    28 |    22 ||    57
       Conjure Flame     |       |     7 |     1 |     1 ||     9
       Fireball          |       |       |    25 |    31 ||    56
       Repel Missiles    |       |       |     1 |       ||     1
       Swiftness         |       |       |       |     3 ||     3
       Flight            |       |       |       |     1 ||     1
  Use: Scroll            |       |       |    12 |       ||    12
       Potion            |       |       |     1 |     1 ||     2
 Stab: Sleeping          |       |       |       |     1 ||     1
  Eat: Chunk             |     2 |    10 |    22 |     6 ||    40
       Pizza             |     1 |       |       |       ||     1
       Meat ration       |       |       |     1 |       ||     1
       Beef jerky        |       |       |     1 |       ||     1
       Fruit             |       |       |       |     7 ||     7
